 Dungeon Sprint DCSS version 0.20-a0-1122-gb7cbeb9 (webtiles) character file.

108 potatolord6000 the Skirmisher (level 4, -12/55 HPs)
             Began as an Ogre Fighter on May 11, 2017.
             Killed from afar by a deep elf mage (22 damage)
             ... with a lance of force
             ... in the Dungeon (Sprint III: "The Ten Rune Challenge").
             The game lasted 00:02:05 (364 turns).

potatolord6000 the Skirmisher (Ogre Fighter)         Turns: 364, Time: 00:02:06

Health: -12/55     AC:  3    Str: 28    XL:     4   Next: 87%
Magic:  4/4        EV: 10    Int:  9    God:
Gold:   28         SH: 10    Dex:  8    Spells: 3/3 levels left

rFire    + . .     SeeInvis .   a - +0 flail
rCold    + . .     Gourm    .   c - +0 shield
rNeg     . . .     Faith    .   l - +0 robe {rF+}
rPois    .         Spirit   .   (helmet restricted)
rElec    .         Reflect  .   (no cloak)
rCorr    .         Harm     .   (gloves unavailable)
MR       .....     NoTele   +   (boots unavailable)
Stlth    +.........             (no amulet)
Regen    0.2/turn               (no ring)
MPRegen  0.1/turn               (no ring)

@: mighty, hasted, very quick
A: unfitting armour, horns 1, cold resistance 1, strong 1, tough skin 1,
evolution 1
a: no special abilities


You were in the Dungeon.
You were very full.

You visited 1 branch You collected 28 gold pieces.

Inventory:

Hand Weapons
 a - a +0 flail (weapon)
Armour
 c - a +0 shield (worn)
 l - a +0 robe of fire resistance (worn)
Scrolls
 k - a scroll of blinking
 m - 3 scrolls of identify
 q - a scroll of immolation {unknown}
Potions
 e - a potion of curing
 i - 2 potions of magic
 j - 3 potions of berserk rage
 p - 2 potions of flight
 s - a potion of lignification {unknown}
Comestibles
 o - a bread ration
 r - a meat ration


   Skills:
 + Level 7.1 Fighting
 + Level 4.4 Maces & Flails
 + Level 4.9 Dodging
 + Level 5.0 Shields


You had 3 spell levels left.
You didn't know any spells.

Dungeon Overview and Level Annotations

Branches:
Dungeon (1/1)

Altars:
Elyvilon
Zin
The Shining One


Innate Abilities, Weirdness & Mutations

You are too large for most types of armour.
You have tough skin. (AC +1)
You have a pair of small horns on your head.
Your flesh is cold resistant. (rC+)
Your muscles are strong. (Str +2)
You evolve.


Message History

You miss the deep elf mage. Your headbutt misses the deep elf mage.
You closely miss the deep elf mage.
The deep elf mage hits you with a long sword of holy wrath.
* * * LOW HITPOINT WARNING * * *
You thump the deep elf mage! Your headbutt misses the deep elf mage.
The deep elf mage is moderately wounded.
The deep elf mage misses you.
You barely miss the deep elf mage.
The deep elf mage is moderately wounded.
Unknown command.
You sock the deep elf mage!
The deep elf mage is severely wounded.
The deep elf mage hits you with a long sword of holy wrath.
* * * LOW HITPOINT WARNING * * *
Your shield prevents you from hitting the deep elf mage.
You headbutt the deep elf mage!
The deep elf mage is almost dead.
The deep elf mage casts a spell at you. The lance of force hits you!
You die...

▓▓▓▓▓▓▓▓ ▓▓▓ .'.....♣
♣.##### !#.....♣♣
♣♣.#___# ##....♣.♣
♣..#!e@#
.#....≈.♣♣♣..###+#+###+
.#...≈≈.♣.♣♣.#..........
[#..≈≈≈≈.♣...'.⌠........
'#..≈≈≈≈≈≈♣♣.#...######+
.#.≈≈≈≈≈≈....#.⌠.#
.#.≈≈≈≈≈.....#...#
.#.≈≈≈.......#+###
##...........#


You could see a deep elf mage.

Vanquished Creatures
  A water elemental (D)
  Jessica (D)
  A human (D)
  A phantom (D)
  3 rats (D)
7 creatures vanquished.

Vanquished Creatures (others)
  2 draconian scorchers (D)
  A yaktaur (D)
  6 hellions (D)
9 creatures vanquished.

Grand Total: 16 creatures vanquished

Notes
Turn   | Place    | Note
-------+----------+-------------------------------------------
     0 | D        | potatolord6000 the Ogre Fighter began the quest for the Orb.
     0 | D        | Reached XP level 1. HP: 24/24 MP: 1/1
    44 | D        | Noticed Jessica
    52 | D        | Killed Jessica
    52 | D        | Reached skill level 5 in Fighting
    52 | D        | Reached XP level 2. HP: 12/35 MP: 2/2
    52 | D        | Reached XP level 3. HP: 14/42 MP: 3/3
    82 | D        | Killed a hellion
    83 | D        | Killed a hellion
   117 | D        | Killed a hellion
   148 | D        | Killed a hellion
   173 | D        | Killed a white draconian scorcher
   186 | D        | Killed a hellion
   189 | D        | Killed a hellion
   228 | D        | Killed a yaktaur
   276 | D        | Killed a white draconian scorcher
   291 | D        | Reached skill level 6 in Fighting
   316 | D        | Gained mutation: Your muscles are strong. (Str +2) [potion of mutation]
   316 | D        | Gained mutation: You are resistant to hostile enchantments. (MR+) [potion of mutation]
   316 | D        | Gained mutation: You tend to lose your temper in combat. [potion of mutation]
   316 | D        | Gained mutation: Your natural rate of healing is unusually fast. [potion of mutation]
   317 | D        | Lost mutation: You tend to lose your temper in combat. [potion of mutation]
   317 | D        | Lost mutation: You are resistant to hostile enchantments. (MR+) [potion of mutation]
   317 | D        | Lost mutation: Your muscles are strong. (Str +2) [potion of mutation]
   317 | D        | Lost mutation: Your natural rate of healing is unusually fast. [potion of mutation]
   317 | D        | Gained mutation: Your flesh is cold resistant. (rC+) [potion of mutation]
   317 | D        | Gained mutation: You evolve. [potion of mutation]
   317 | D        | Gained mutation: You have a pair of small horns on your head. [potion of mutation]
   317 | D        | Gained mutation: Your muscles are strong. (Str +2) [potion of mutation]
   343 | D        | Noticed a water elemental
   352 | D        | Killed a water elemental
   352 | D        | Reached skill level 7 in Fighting
   352 | D        | Reached skill level 5 in Shields
   352 | D        | Reached XP level 4. HP: 15/55 MP: 4/4
   355 | D        | Found a glowing silver altar of Zin.
   356 | D        | Found a glowing golden altar of the Shining One.
   356 | D        | Found a white marble altar of Elyvilon.
   356 | D        | Noticed a deep elf mage
   364 | D        | Killed from afar by a deep elf mage

Vault maps used:
D:        dungeon_sprint_mu

Skill      XL: |  1  2  3 |
---------------+----------+-----
Maces & Flails | 3 4 |  4.4
Dodging        | 3 4 |  4.9
Fighting       | 5 7 |  7.1
Shields        | 3 5 |  5.0

Action                   |  1- 3 |  4- 6 || total
-------------------------+-------+-------++-------
Melee: Flail             |    35 |     6 ||    41
       Headbutt          |     2 |     1 ||     3
  Use: Potion            |     6 |       ||     6
       Scroll            |     3 |       ||     3
  Eat: Bread ration      |     1 |       ||     1
Armor: Robe              |     4 |       ||     4
Dodge: Dodged            |     6 |     1 ||     7
Block: Shield            |    18 |       ||    18
